 Dungeon Crawl Stone Soup version 0.24.1-11-gbbbb2193e6 (webtiles) character file.

Game seed: 10338955288198656125, levelgen mode: deterministic

1259636 Bodigarde the Sabretooth (level 25, 101/140 HPs)
             Began as a Felid Berserker on May 14, 2020.
             Was the Champion of Trog.
             Escaped with the Orb
             ... and 3 runes on May 15, 2020!
             The game lasted 06:33:40 (133293 turns).

Bodigarde the Sabretooth (Felid Berserker)        Turns: 133293, Time: 06:33:41

Health: 101/140    AC:  4    Str: 13    XL:     25   Next: 83%
Magic:  24/33      EV: 43    Int: 11    God:    Trog [******]
Gold:   3988       SH:  0    Dex: 25    Spells: 24/24 levels left
                                        Lives:  2   Deaths: 5

rFire    + . .     SeeInvis +     - Unarmed
rCold    . . .     Gourm    .   (shield unavailable)
rNeg     + + +     Faith    .   (armour unavailable)
rPois    +         Spirit   +   (helmet unavailable)
rElec    .         Reflect  .   (cloak unavailable)
rCorr    .         Harm     .   (gloves unavailable)
MR       +++..                  (boots unavailable)
Stlth    +++.......             g - amulet of guardian spirit
HPRegen  0.33/turn              O - ring of protection from fire
MPRegen  0.23/turn              B - ring of Wefeiwn {*Corrode rPois rC- rN+++ AC+1}

@: lightly drained, quick
A: very small, no armour, no weapons or thrown items, stealth, claws 1, fangs 3,
horns 1, see invisible, carnivore, speed 1, low mp 1, shaggy fur 3, slow
metabolism 1, MP-powered wands, sharp paws
0: Orb of Zot
}: 3/15 runes: serpentine, barnacled, silver
a: Berserk, Trog's Hand, Brothers in Arms, Renounce Religion


You escaped.
You worshipped Trog.
Trog was exalted by your worship.
You were full.

You visited 9 branches of the dungeon, and saw 49 of its levels.
You also visited: Ossuary and Ice Cave.

You collected 6391 gold pieces.
You spent 2403 gold pieces at shops.

Inventory:

Jewellery
 g - an amulet of guardian spirit (around neck)
 i - an uncursed ring of protection from cold
 n - an uncursed ring of protection from fire
 B - the ring of Wefeiwn (right paw) {*Corrode rPois rC- rN+++ AC+1}
   (You bought it in a shop on level 2 of the Orcish Mines)

   [ring of protection]

   It affects your AC (+1).
   It makes you vulnerable to cold.
   It protects you from poison.
   It renders you almost immune to negative energy.
   It may corrode you when you take damage.
 C - an uncursed ring of protection from cold
 E - the amulet of the Air {Inacc +Fly rElec EV+5 RMsl}
   (You found it on level 3 of the Lair of Beasts)

   [amulet of inaccuracy]

   It reduces the accuracy of all your attacks.
   It affects your evasion (+5).
   It insulates you from electricity.
   It lets you fly.
   It protects you from missiles.
 K - the ring of Yroe {MR+ Dex+5 SInv}
   (You took it off a deep elf master archer on level 3 of the Elven Halls)

   [ring of see invisible]

   It affects your dexterity (+5).
   It affects your resistance to hostile enchantments.
   It lets you see invisible.
 O - a ring of protection from fire (left paw)
 P - an uncursed ring of poison resistance
 Q - an uncursed ring of resist corrosion
Wands
 l - a wand of iceblast (15)
 p - a wand of polymorph (13)
 v - a wand of flame (108)
 x - a wand of disintegration (67)
 y - a wand of acid (34)
 F - a wand of digging (10)
 I - a wand of enslavement (23)
 X - a wand of paralysis (16)
Scrolls
 c - 17 scrolls of teleportation
 d - 3 scrolls of holy word
 j - 5 scrolls of blinking
 r - 4 scrolls of magic mapping
 s - 29 scrolls of remove curse
 t - 2 scrolls of summoning
 G - 2 scrolls of fear
 J - 4 scrolls of silence
 L - 10 scrolls of fog
 W - 15 scrolls of identify
Potions
 b - 19 potions of curing
 e - 7 potions of heal wounds
 f - 2 potions of cancellation
 h - 5 potions of might
 k - 7 potions of agility
 o - 8 potions of haste
 q - 3 potions of mutation
 u - a potion of resistance
 z - 12 potions of flight
 A - 3 potions of invisibility
 D - a potion of berserk rage
 H - a potion of experience
 R - a potion of ambrosia
 V - 3 potions of magic
Miscellaneous
 m - a lamp of fire
 M - a phial of floods
 N - 2 sacks of spiders
 S - a fan of gales
 T - a lightning rod (4/4)
 U - 3 boxes of beasts
 Y - a phantom mirror
Comestibles
 a - 88 rations


   Skills:
 O Level 27(26.1) Fighting
 O Level 27(26.1) Dodging
 + Level 21.1(20.4) Stealth
 O Level 27(26.1) Unarmed Combat
 + Level 19.0(18.3) Evocations


You had 24 spell levels left.
You didn't know any spells.
Your spell library was empty.

Dungeon Overview and Level Annotations

Branches:
Dungeon (15/15)            Temple (0/1) D:6            Lair (6/6) D:10
 Shoals (4/4) Lair:3        Snake (4/4) Lair:2        Slime (0/5) Lair:5
    Orc (2/2) D:12            Elf (3/3) Orc:2        Vaults (5/5) D:13
  Crypt (0/3) Vaults:2     Depths (5/5) D:15            Zot (5/5) Depths:5
Ossuary (visited)           IceCv (visited)

Altars:
Cheibriados
Dithmenos
Elyvilon
Fedhas
Hepliaklqana
Makhleb
Qazlal
Sif Muna
Trog
Uskayaw
Vehumet
Xom
The Shining One
Beogh
Jiyva

Shops:
Orc:1 !   Orc:2 !=}=   Elf:1 ((   Elf:3 (   Vaults:1 :   Depths:4 !

Portals:
Hell: Depths:1 Depths:2 Depths:3 Depths:4 Depths:5
Abyss: Depths:4
Pandemonium: Depths:2 Depths:3 Depths:5
Ziggurat: Depths:5

Annotations:
Elf:3 1 exclusion
Zot:4 2 transporters


Innate Abilities, Weirdness & Mutations

You cannot wear armour.
You are incapable of wielding weapons or throwing items.
Your paws allow you to move quietly. (Stealth)
You have sharp claws.
You have razor-sharp teeth.
You have supernaturally acute eyesight. (SInv)
You are carnivorous and can eat meat at any time.
You cover ground quickly.
Your thick and shaggy fur keeps you warm. (AC +3, rC+)
You have a slow metabolism.
Your sharp claws are effective at attacking unaware monsters.
You have a pair of small horns on your head.
Your magical capacity is low. (-10% MP)
You expend magic power (3 MP) to strengthen your wands.


Message History

There is a stone staircase leading up here.
You climb upwards.
There is a stone staircase leading down here.
(D) Dungeon (T) Temple (L) Lair (A) Shoals (P) Snake Pit (M) Slime Pits (O) Orcish Mines (E) Elven Halls (V) Vaults (C) Crypt (U) Depths (H) Hell (Z) Zot
Where to? (Enter - D:1 @ (x,y), ? - help)
You open the door.
There is an open door here.
There is a stone staircase leading up here.
You climb upwards.
There is a stone staircase leading down here.
There is an open door here.
A Brimstone Fiend comes into view.
There is an open door here.
There is a staircase leading out of the dungeon here.
The Brimstone Fiend calls on the powers of darkness!
Your body is wracked with pain!
You have escaped!

#####≈≈≈≈≈≈≈≈≈.....≈≈≈≈≈≈≈≈≈#.#.#
....#≈≈≈≈≈≈≈≈≈≈≈.≈≈≈≈≈≈≈≈≈≈≈#.#w#
###.#≈.♣.♣.PP♣P≈.1P...P.♣.P≈#.#.#
....#≈♣.PP.PP♣♣≈.≈PPP♣♣PP♣P≈#.#.#
###.#≈≈≈≈≈≈≈≈≈≈≈.≈≈≈≈≈≈≈≈≈≈≈#.#.#
....############'############.#.#
###.##.......#.....# #..#.#
###.##.#####.#.....#########..#.#
.......# #.#..@..#..........#.#
.......# #.#######..........#.#
.......# #.# #..........#'#
.......#####.# #.............
.......(..##.# #.............
..........##.#######.............
###.##............)..............
###.###....#+#######.............
.................................


You could see a Brimstone Fiend.

Vanquished Creatures
  6 ancient liches
  3 orbs of fire (Zot:5)
  2 juggernauts
  Saint Roka (Orc:2)
  Frederick (Vaults:3)
  7 Killer Klowns
  Margery (Depths:3)
  Vashnia (Snake:3)
  A caustic shrike (shapeshifter) (Vaults:5)
  A curse toe (Zot:5)
  11 golden dragons
  A bone dragon (Depths:4)
  A Tzitzimitl (D:12)
  2 electric golems (Zot:5)
  21 tentacled monstrosities
  25 Orb Guardians (Zot:5)
  A deep elf blademaster (Elf:3)
  7 titans
  14 quicksilver dragons
  2 liches
  3 deep elf master archers (Elf:3)
  An acid blob (Depths:3)
  5 death cobs
  2 sphinxes
  10 shadow dragons
  The ghost of Pilavamo the Devastator, an adept DrCj of Vehumet (Snake:2)
  A thorn hunter (Depths:3)
  7 tengu reavers
  13 storm dragons
  14 draconian monks
  Donald (Vaults:3)
  Roxanne (D:14)
  An iron dragon (Depths:5)
  13 frost giants
  11 fire giants
  11 draconian scorchers
  6 nagarajas
  A fire giant (shapeshifter) (Depths:2)
  5 deep elf sorcerers
  6 draconian knights
  3 ghost moths
  19 vault wardens
  2 draconian stormcallers
  A ghost moth (shapeshifter) (Vaults:1)
  Aizul (Snake:4)
  4 deep elf elementalists
  6 draconian shifters
  A war gargoyle (Vaults:5)
  A reaper (IceCv)
  22 ironheart preservers
  A spriggan defender (Depths:2)
  A ghoul (Vaults:1)
  19 stone giants
  5 draconian annihilators
  9 very ugly things
  6 green draconians
  2 entropy weavers (Vaults:5)
  A vampire knight (Depths:2)
  4 deep elf demonologists
  Nessos (D:13)
  20 purple draconians
  11 white draconians
  17 black draconians
  11 yellow draconians
  9 deep elf annihilators
  The ghost of Ulabb the Covert, a journeyman OpFi of Gozag (Lair:6)
  7 spark wasps
  14 red draconians
  A blizzard demon (Depths:5)
  9 merfolk javelineers
  9 ettins
  3 jiangshi (Depths:1)
  Snorg (Lair:5)
  6 crystal guardians (Depths:4)
  6 fire dragons
  13 yaktaur captains
  19 ogre magi
  Josephine (Shoals:1)
  5 deep elf high priests
  4 merfolk impalers
  4 deep elf death magi
  Erolcha (D:12)
  10 great orbs of eyes
  Fannar (Orc:1)
  12 ice dragons
  5 hydras
  14 naga warriors
  33 vault guards
  6 spriggan air magi
  5 rakshasas
  11 centaur warriors
  68 two-headed ogres
  6 merfolk avatars
  3 death knights
  5 merfolk aquamancers
  16 anacondas
  7 tengu warriors
  A queen ant (Lair:2)
  11 death yaks
  10 deep troll shamans
  10 deep troll earth magi
  2 satyrs (Shoals:4)
  2 vampire magi
  28 dancing weapons
  Urug (Lair:5)
  5 orc high priests
  2 sun demons
  17 naga sharpshooters
  12 shock serpents
  Sonja (Orc:2)
  2 soul eaters
  4 spriggan berserkers
  3 skeletal warriors (D:13)
  7 salamander mystics
  25 deep elf knights
  6 iron trolls
  14 hell knights
  16 sea snakes
  2 torturous demonspawn
  3 glowing orange brains
  27 deep trolls
  3 flayed ghosts
  22 deep elf archers
  5 necromancers
  8 wizards
  2 phantasmal warriors
  4 naga ritualists
  2 obsidian statues (Depths:1)
  15 ironbrand convokers
  3 fauns
  11 harpies
  10 orc knights
  6 mana vipers
  55 deep elf magi
  26 ugly things
  15 manticores
  4 wolf spiders
  12 orc sorcerers
  4 oklob plants
  7 cyclopes
  15 salamanders
  19 moths of wrath
  11 elephants
  A stone giant skeleton (Vaults:2)
  2 salamanders (shapeshifter)
  11 merfolk sirens
  Maurice (D:8)
  33 black mambas
  21 naga magi
  20 vault sentinels
  12 guardian serpents
  2 ice statues (IceCv)
  8 water nymphs
  3 rust devils (Depths:1)
  An orange demon (Zot:1)
  3 gargoyles
  2 kobold demonologists (D:11)
  12 spiny frogs
  2 hellions
  A yaktaur zombie (Vaults:2)
  2 smoke demons (Depths:1)
  3 centaur skeletons
  A rime drake (Lair:6)
  6 freezing wraiths
  A yaktaur (shapeshifter) (Depths:2)
  3 demonic crawlers (Elf:2)
  38 yaktaurs
  3 red devils
  9 komodo dragons
  4 hellwings
  A human skeleton (Vaults:2)
  12 ice devils
  4 polar bears
  2 jumping spiders (shapeshifter)
  28 merfolk
  2 meliai (shapeshifter)
  A merfolk (shapeshifter) (Vaults:5)
  6 tengu conjurers
  3 trolls
  9 hornets
  A tengu simulacrum (Vaults:3)
  4 wind drakes
  A queen bee (Lair:6)
  2 wind drakes (shapeshifter)
  2 meliai (Lair:6)
  11 dream sheep
  13 snapping turtles
  18 blink frogs
  38 slime creatures
  10 hippogriffs
  12 spriggans
  2 air elementals
  A spriggan (shapeshifter) (Vaults:5)
  2 tarantellas (shapeshifter)
  31 water elementals
  A centaur simulacrum (D:10)
  20 humans (D:13)
  A ynoxinul (Depths:1)
  A redback (Vaults:5)
  3 shadows
  Sigmund (D:2)
  2 vampires
  Eustachio (D:4)
  10 wraiths
  35 yaks
  A basilisk (shapeshifter) (Vaults:2)
  A human (shapeshifter) (D:14)
  A golden eye (shapeshifter) (Vaults:4)
  9 basilisks
  3 fire elementals
  5 hungry ghosts
  A steam dragon (Lair:4)
  12 vampire mosquitoes
  2 chaos spawn
  3 wargs
  A naga (shapeshifter) (Depths:4)
  2 acid dragons (Vaults:1)
  79 nagas
  12 soldier ants
  15 water moccasins
  2 floating eyes (Depths:2)
  11 ice beasts
  5 porcupines
  4 sky beasts
  33 orc warriors
  2 phantoms
  8 black bears
  An eye of draining (D:14)
  2 necrophages
  36 ogres
  22 boggarts
  21 wolves
  14 crocodiles
  A centaur (shapeshifter) (Vaults:1)
  25 centaurs
  An elf zombie (Ossuary)
  6 big kobolds
  15 bullfrogs
  A wyvern zombie (D:11)
  3 earth elementals
  A wyvern skeleton (D:14)
  A scorpion (D:10)
  39 killer bees
  9 wights
  7 crimson imps
  2 bullfrog zombies
  A quasit (D:10)
  A human zombie (Ossuary)
  5 jellies
  24 orc priests
  4 hounds
  30 orc wizards
  An iron imp (Depths:5)
  2 bullfrog skeletons (D:11)
  10 iguanas
  Ijyb (D:5)
  28 worker ants
  2 killer bee zombies (D:9)
  A big kobold zombie (Ossuary)
  A bullfrog simulacrum (D:10)
  A hound skeleton (D:6)
  4 mummies (Ossuary)
  6 gnolls
  A worker ant zombie (D:9)
  11 adders
  A hound simulacrum (D:10)
  4 shadow imps
  12 white imps
  A worker ant simulacrum (D:10)
  8 ufetubi (IceCv)
  2 oozes
  An adder skeleton (D:9)
  3 adder zombies
  2 dart slugs
  6 leopard geckos
  88 orcs
  5 ball pythons
  7 bats
  4 giant cockroaches
  2 gnoll zombies (Ossuary)
  7 goblins
  7 hobgoblins
  11 jackals
  16 kobolds
  6 quokkas
  A quokka (shapeshifter) (Vaults:5)
  7 frilled lizards
  2 goblin zombies (Ossuary)
  2 kobold zombies (Ossuary)
  A quokka skeleton (D:5)
  6 rats
  A rat zombie (Ossuary)
  A plant (Shoals:4)
2438 creatures vanquished.

Vanquished Creatures (collateral kills)
  An ancient lich (Depths:5)
  Nikola (Shoals:3)
  2 liches
  A titan (Vaults:5)
  2 nagarajas (Snake:4)
  A deep elf sorcerer (Elf:3)
  A frost giant (Depths:2)
  A fire giant (Depths:3)
  5 vault wardens
  A cacodemon (Depths:3)
  A draconian shifter (Zot:2)
  A stone giant (Depths:3)
  2 rakshasas (Vaults:1)
  3 yaktaur captains
  4 vault guards
  A centaur warrior (Vaults:1)
  4 two-headed ogres (Vaults:3)
  3 deep troll shamans (Depths:3)
  6 death yaks
  4 deep troll earth magi
  3 deep trolls (Depths:3)
  2 ironbrand convokers (Vaults:1)
  3 harpies (Shoals:2)
  A mana viper (Snake:1)
  A wolf spider (Vaults:1)
  A cyclops (Vaults:1)
  A salamander (Snake:3)
  A rust devil (Depths:3)
  A black mamba (Snake:1)
  A naga mage (Snake:1)
  3 spiny frogs
  3 yaktaurs
  3 blink frogs (Lair:2)
  A yak (Lair:6)
  A warg (Orc:2)
  2 nagas
  9 soldier ants (Lair:2)
  6 orc warriors
  An ogre (Vaults:3)
  2 crocodiles (Lair:2)
  An orc priest (Orc:2)
  4 orc wizards
  3 worker ants (Lair:2)
  A shadow imp (D:8)
  5 orcs
105 creatures vanquished.

Vanquished Creatures (others)
  A fire giant (Depths:4)
  A merfolk impaler (Shoals:4)
  A deep elf knight (Vaults:4)
  A sixfirhy (Depths:1)
  A deep elf mage (Elf:2)
  A merfolk siren (Shoals:2)
  A guardian serpent (Snake:2)
  A centaur (Vaults:3)
  2 white imps (IceCv)
  4 ufetubi (IceCv)
  19 fungi
  15 plants
  5 toadstools (Depths:1)
53 creatures vanquished.

Grand Total: 2596 creatures vanquished

Notes
Turn   | Place    | Note
-------+----------+-------------------------------------------
     0 | D:1      | Bodigarde the Felid Berserker began the quest for the Orb.
     0 | D:1      | Reached XP level 1. HP: 10/10 MP: 2/2
   445 | D:1      | Reached XP level 2. HP: 14/14 MP: 3/3
   947 | D:1      | Reached XP level 3. HP: 17/17 MP: 4/4
  1235 | D:2      | Noticed Sigmund
  1242 | D:2      | Killed Sigmund
  1242 | D:2      | Reached skill level 5 in Dodging
  1242 | D:2      | Reached XP level 4. HP: 15/22 MP: 5/5
  1242 | D:2      | Reached XP level 5. HP: 17/25 MP: 6/6
  1631 | D:2      | Reached ** piety under Trog
  1908 | D:2      | Reached skill level 5 in Unarmed Combat
  1986 | D:2      | Found a hide-covered altar of Uskayaw.
  1988 | D:2      | Noticed a +0 dagger
  1988 | D:2      | Noticed a +0 hand axe
  2381 | D:3      | Gained mutation: You are covered in thick fur. (AC +2)
                  | [Felid growth]
  2381 | D:3      | Reached XP level 6. HP: 28/28 MP: 7/7
  3568 | D:4      | You fall into a shaft and drop 3 floors!
  3594 | D:5      | Entered Level 5 of the Dungeon
  3836 | D:4      | Reached XP level 7. HP: 33/33 MP: 8/8
  4166 | D:4      | Reached skill level 5 in Fighting
  4420 | D:4      | Reached *** piety under Trog
  5031 | D:4      | Noticed Eustachio
  5039 | D:4      | Killed Eustachio
  5109 | D:4      | Reached XP level 8. HP: 35/37 MP: 9/9
  5700 | D:5      | Noticed Ijyb
  5712 | D:5      | Killed Ijyb
  6236 | D:6      | Noticed a two-headed ogre
  6251 | D:6      | Killed a two-headed ogre
  6662 | D:6      | Reached XP level 9. HP: 41/42 MP: 10/10
  7297 | D:6      | Found a staircase to the Ecumenical Temple.
  7936 | D:7      | Found a radiant altar of Vehumet.
  7936 | D:7      | Found a bloodstained altar of Trog.
  8171 | D:7      | Found a blossoming altar of Fedhas.
  8273 | D:7      | Reached skill level 1 in Evocations
  8540 | D:8      | Found a sand-covered staircase.
  8552 | D:8      | Noticed a two-headed ogre
  8559 | D:8      | Killed a two-headed ogre
  8559 | D:8      | Reached **** piety under Trog
  8559 | D:8      | Reached skill level 10 in Unarmed Combat
  8647 | Ossuary  | Entered an ossuary
  8990 | Ossuary  | Reached skill level 10 in Dodging
  9163 | D:8      | Noticed Maurice
  9165 | D:8      | Reached XP level 10. HP: 48/48 MP: 13/13
  9191 | D:8      | Killed Maurice
  9622 | D:8      | Found a snail-covered altar of Cheibriados.
 10098 | D:8      | Found a glowing golden altar of the Shining One.
 10646 | D:9      | Noticed a centaur warrior
 10655 | D:9      | HP: 2/73 [centaur warrior (9)]
 10658 | D:9      | Killed a centaur warrior
 10658 | D:9      | Reached skill level 5 in Evocations
 11202 | D:9      | Noticed a two-headed ogre
 11208 | D:9      | Killed a two-headed ogre
 11391 | D:9      | Found a shimmering blue altar of Sif Muna.
 11392 | D:9      | Found a shadowy altar of Dithmenos.
 11434 | D:9      | Found a hazy altar of Hepliaklqana.
 11434 | D:9      | Found a white marble altar of Elyvilon.
 11515 | D:9      | Reached XP level 11. HP: 52/52 MP: 15/15
 11800 | D:10     | Entered Level 10 of the Dungeon
 12060 | D:10     | Found a staircase to the Lair.
 12260 | D:10     | Noticed a two-headed ogre
 12268 | D:10     | Killed a two-headed ogre
 12483 | D:10     | Reached ***** piety under Trog
 13448 | D:10     | Noticed a two-headed ogre
 13454 | D:10     | Killed a two-headed ogre
 13660 | Lair:1   | Entered Level 1 of the Lair of Beasts
 15155 | Lair:2   | Gained mutation: Your thick and shaggy fur keeps you warm.
                  | (AC +3, rC+) [Felid growth]
 15155 | Lair:2   | Reached XP level 12. HP: 45/58 MP: 15/18
 15881 | Lair:2   | Reached skill level 10 in Fighting
 16111 | Lair:2   | Noticed a queen ant
 16130 | Lair:2   | Killed a queen ant
 16473 | Lair:2   | Noticed a death yak
 16476 | Lair:2   | Noticed a death yak
 16477 | Lair:2   | Noticed a death yak
 16481 | Lair:2   | Noticed a death yak
 16481 | Lair:2   | Noticed a death yak
 16492 | Lair:2   | Killed a death yak
 16502 | Lair:2   | Killed a death yak
 16513 | Lair:2   | Killed a death yak
 16517 | Lair:2   | Killed a death yak
 16518 | Lair:2   | Killed a death yak
 17290 | Lair:2   | Found a staircase to the Snake Pit.
 17850 | Lair:3   | Found a staircase to the Shoals.
 18211 | Lair:3   | Found the amulet of the Air {Inacc +Fly rElec EV+5 RMsl}
 18258 | Lair:3   | Reached XP level 13. HP: 48/63 MP: 14/20
 19317 | Lair:4   | Reached skill level 15 in Unarmed Combat
 20131 | Lair:5   | Reached skill level 10 in Evocations
 20140 | Lair:5   | Noticed Urug
 20268 | Lair:5   | Found a staircase to the Slime Pits.
 20275 | Lair:5   | Killed Urug
 20276 | Lair:5   | Found a viscous altar of Jiyva.
 20411 | Lair:5   | Noticed Snorg
 20421 | Lair:5   | Killed Snorg
 20745 | Lair:6   | Entered Level 6 of the Lair of Beasts
 21489 | Lair:6   | Reached XP level 14. HP: 68/68 MP: 22/22
 21750 | Lair:6   | Found a transporter.
 21754 | Lair:6   | Found a transporter.
 21755 | Lair:6   | Noticed Ulabb's ghost (journeyman OpFi)
 21896 | Lair:6   | Reached skill level 15 in Dodging
 21924 | Lair:6   | Paralysed by a hornet for 2 turns
 23286 | Lair:6   | Reached ****** piety under Trog
 23697 | Lair:6   | Found a transporter.
 23700 | Lair:6   | Found a transporter.
 26293 | D:12     | Found a staircase to the Orcish Mines.
 26637 | D:12     | Found a transporter.
 26639 | D:12     | Found a transporter.
 26644 | D:12     | Found a roughly hewn altar of Beogh.
 27450 | Orc:1    | Entered Level 1 of the Orcish Mines
 27452 | Orc:1    | Noticed Erolcha
 27545 | D:12     | Killed Erolcha
 27738 | Orc:1    | Noticed Fannar
 27749 | Orc:1    | Killed Fannar
 27849 | Orc:1    | Found Mikhli's Distillery.
 27859 | Orc:1    | Reached XP level 15. HP: 73/73 MP: 23/23
 27954 | Orc:1    | Bought a potion of ambrosia for 104 gold pieces
 28097 | Orc:2    | Entered Level 2 of the Orcish Mines
 28106 | Orc:2    | Found a staircase to the Elven Halls.
 28127 | Orc:2    | Noticed Sonja
 28150 | Orc:2    | Noticed Saint Roka
 28162 | Orc:2    | Killed Sonja
 28863 | Orc:2    | Mangled by Saint Roka
 28864 | Orc:2    | Reached XP level 14. HP: -8/105 MP: 0/22
 28904 | Orc:2    | Killed Saint Roka
 29221 | Orc:2    | Found a roughly hewn altar of Beogh.
 29784 | Orc:2    | Found Xytwib's Jewellery Emporium.
 29803 | Orc:2    | Found Vatiur's Jewellery Shop.
 29830 | Orc:2    | Found Jarum's Distillery.
 29841 | Orc:2    | Found Mosiw's Gadget Emporium.
 29969 | Orc:2    | Bought an uncursed ring of poison resistance for 300 gold
                  | pieces
 29969 | Orc:2    | Bought an uncursed ring of resist corrosion for 300 gold
                  | pieces
 29981 | Orc:2    | Bought a fan of gales for 680 gold pieces
 29981 | Orc:2    | Bought a lightning rod (4/4) for 680 gold pieces
 30049 | D:13     | Found a burning altar of Makhleb.
 30088 | D:13     | Noticed Nessos
 30108 | D:13     | Killed Nessos
 31482 | D:13     | Found a gate to the Vaults.
 32042 | D:14     | Found a frozen archway.
 32099 | IceCv    | Entered an ice cave
 32771 | IceCv    | Noticed a reaper
 32845 | IceCv    | Killed a reaper
 32845 | IceCv    | Reached XP level 15. HP: 75/75 MP: 23/23
 33717 | D:14     | Noticed Roxanne
 33959 | D:14     | Killed Roxanne
 34231 | D:15     | Entered Level 15 of the Dungeon
 35215 | D:15     | Found a staircase to the Depths.
 35721 | Snake:1  | Entered Level 1 of the Snake Pit
 37751 | Snake:2  | Found a runed translucent gate.
 37751 | Snake:2  | Found a runed translucent gate.
 37751 | Snake:2  | Found a runed translucent gate.
 37975 | Snake:2  | Noticed a nagaraja
 37986 | Snake:2  | Killed a nagaraja
 38054 | Snake:2  | Noticed Pilavamo's ghost (adept DrCj)
 38400 | Snake:2  | Reached XP level 16. HP: 80/80 MP: 24/24
 39749 | Snake:3  | Found a stormy altar of Qazlal.
 41433 | Snake:3  | Noticed Vashnia
 41505 | Snake:3  | Killed Vashnia
 41505 | Snake:3  | Reached skill level 15 in Fighting
 44269 | Snake:4  | Entered Level 4 of the Snake Pit
 44320 | Snake:4  | Noticed Aizul
 46651 | Snake:4  | Killed Aizul
 46783 | Snake:4  | Reached XP level 17. HP: 81/85 MP: 18/25
 47746 | Snake:4  | Slain by a nagaraja
 47747 | Snake:4  | Reached XP level 16. HP: -2/81 MP: 24/24
 50425 | Snake:4  | Got a serpentine rune of Zot
 51431 | Shoals:1 | Entered Level 1 of the Shoals
 52617 | Shoals:1 | Noticed Josephine
 52638 | Shoals:1 | Killed Josephine
 54532 | Shoals:2 | Reached XP level 17. HP: 86/86 MP: 23/25
 56932 | Shoals:3 | Found a blossoming altar of Fedhas.
 58599 | Shoals:4 | Entered Level 4 of the Shoals
 58599 | Shoals:4 | Noticed Nikola
 59183 | Shoals:3 | Found a blossoming altar of Fedhas.
 59527 | Shoals:3 | Killed Nikola
 60856 | Shoals:4 | Got a barnacled rune of Zot
 63535 | Vaults:1 | Entered Level 1 of the Vaults
 64365 | Vaults:1 | Reached XP level 18. HP: 70/91 MP: 26/26
 65323 | Vaults:1 | Found Keager's Book Boutique.
 68889 | Vaults:2 | Found a staircase to the Crypt.
 69586 | Vaults:2 | Reached XP level 19. HP: 62/96 MP: 17/27
 70084 | Vaults:2 | Identified the +8 arbalest of Zosotz {velocity, rN+ Str-2
                  | Dex+5}
 72867 | Vaults:3 | Noticed Frederick
 72881 | Vaults:3 | Killed Frederick
 73379 | Vaults:3 | Noticed Donald
 73388 | Vaults:3 | Killed Donald
 75492 | Vaults:4 | Reached XP level 20. HP: 65/103 MP: 13/28
 76356 | Depths:1 | Entered Level 1 of the Depths
 76976 | Depths:1 | You fall into a shaft and drop 1 floor!
 76976 | Depths:2 | Found a shimmering altar of Xom.
 78515 | Depths:1 | Found a burning altar of Makhleb.
 78593 | Depths:1 | Found a burning altar of Makhleb.
 78594 | Depths:1 | Found the cursed +14 obsidian axe {chop, +Fly SInv *Curse}
 79267 | Orc:2    | Bought the ring of Wefeiwn {*Corrode rPois rC- rN+++ AC+1}
                  | for 339 gold pieces
 79937 | Depths:1 | You fall into a shaft and drop 1 floor!
 80292 | Depths:1 | Found a gateway to Hell.
 80840 | Depths:2 | Found a one-way gate leading to the halls of Pandemonium.
 81252 | Depths:2 | Killed from afar by a battlesphere
 81253 | Depths:2 | Reached XP level 19. HP: 0/99 MP: 0/27
 81339 | Depths:2 | Killed a lich
 82508 | Depths:2 | Reached XP level 20. HP: 98/104 MP: 28/28
 83755 | Depths:3 | Noticed Margery
 84691 | Depths:3 | Killed Margery
 86148 | Depths:3 | Mangled by a deep troll
 86149 | Depths:3 | Reached XP level 19. HP: -6/100 MP: 24/27
 86617 | Depths:4 | Noticed a juggernaut
 87269 | Depths:3 | Killed a juggernaut
 88635 | Depths:4 | Reached XP level 20. HP: 84/105 MP: 22/28
 89560 | Depths:4 | Noticed a golden dragon
 89713 | Depths:4 | Killed a golden dragon
 90928 | Depths:4 | Found Kammept's Distillery.
 91201 | Depths:4 | Found a one-way gate to the infinite horrors of the Abyss.
 92191 | Depths:4 | Found a glowing golden altar of the Shining One.
 92367 | Depths:5 | Entered Level 5 of the Depths
 92367 | Depths:5 | Noticed a golden dragon
 93404 | Depths:5 | Noticed a bone dragon
 93507 | Depths:4 | Killed a bone dragon
 93960 | Depths:5 | Noticed a juggernaut
 93980 | Depths:5 | Killed a juggernaut
 94068 | Depths:5 | Found a gateway to a ziggurat.
 94068 | Depths:5 | Noticed an ancient lich
 94068 | Depths:5 | Noticed an ancient lich
 94104 | Depths:5 | Killed a golden dragon
 94305 | Depths:5 | Reached XP level 21. HP: 100/110 MP: 29/29
 95330 | Depths:5 | Found a gate to the Realm of Zot.
 96717 | Depths:5 | Killed an ancient lich
 96725 | Depths:5 | Killed an ancient lich
 96725 | Depths:5 | Reached skill level 27 in Unarmed Combat
 97179 | Elf:1    | Entered Level 1 of the Elven Halls
 97646 | Elf:1    | Found Voapp's Weapon Boutique.
 97983 | Elf:1    | Found Cuul's Antique Weapon Emporium.
100367 | Elf:2    | Found a runed translucent gate.
100367 | Elf:2    | Found a runed translucent gate.
100368 | Elf:2    | Found a runed translucent gate.
102194 | Elf:3    | Entered Level 3 of the Elven Halls
102194 | Elf:3    | Found the +10 large shield of Ignorance {rN+ Int-4}
102735 | Elf:3    | Found Musirch's Antique Weapon Emporium.
103698 | Elf:3    | Identified the +6 spear "Giantbane" {speed, Str+5 Int+3}
104072 | Elf:3    | Reached XP level 22. HP: 116/116 MP: 30/30
104081 | Elf:3    | Identified the +10 plate armour of the Lost Souls {*Drain
                  | rPois rN++}
104375 | Elf:3    | Identified the ring of Yroe {MR+ Dex+5 SInv}
104375 | Elf:3    | Identified the +8 falchion "Affotanont" {flame, rPois rF++
                  | Dex-5}
105657 | Elf:3    | Identified Mimeh's Tome of the Lucky Glacier
106022 | Vaults:5 | Entered Level 5 of the Vaults
106096 | Vaults:5 | Noticed a golden dragon
106838 | Vaults:5 | Killed a golden dragon
106838 | Vaults:5 | Reached skill level 27 in Dodging
107057 | Vaults:5 | Noticed a juggernaut
107057 | Vaults:5 | Identified the +12 mace of Abomination {venom, rC- Str+4
                  | Int+6 Dex+4}
107057 | Vaults:5 | Noticed a shard shrike
107057 | Vaults:5 | a juggernaut changed into a shard shrike
107064 | Vaults:5 | Noticed a juggernaut
107065 | Vaults:5 | Noticed a caustic shrike
107065 | Vaults:5 | a juggernaut changed into a caustic shrike
107077 | Vaults:5 | Killed a caustic shrike
107478 | Vaults:5 | Identified the +3 leather armour of the Eternal Void {rPois
                  | rF+ rCorr}
108913 | Vaults:5 | Got a silver rune of Zot
108929 | Vaults:5 | Reached XP level 23. HP: 112/126 MP: 24/31
109487 | Vaults:5 | Identified the +8 dagger of Compassion {protect, rN+}
109711 | Vaults:5 | Got a brightly glowing jade amulet
109712 | Vaults:5 | Identified the amulet "Giji" {Inacc rPois} (You found it on
                  | level 5 of the Vaults)
109989 | Vaults:5 | Noticed an ancient lich
110025 | Vaults:5 | Killed an ancient lich
110899 | Vaults:5 | Identified the +9 shortbow of a treasure trove {freeze, rC+
                  | MP+9 Str-4}
112356 | Zot:1    | Entered Level 1 of the Realm of Zot
114792 | Zot:2    | Reached XP level 24. HP: 135/135 MP: 26/31
116250 | Zot:2    | Reached skill level 27 in Fighting
116258 | Zot:2    | Reached skill level 1 in Stealth
116382 | Zot:2    | Engulfed by a red draconian's flame
116383 | Zot:2    | Reached XP level 23. HP: -2/131 MP: 0/31
116610 | Zot:2    | Reached skill level 5 in Stealth
118410 | Zot:3    | Noticed a Killer Klown
118430 | Zot:3    | Killed a Killer Klown
118589 | Zot:3    | Reached skill level 10 in Stealth
121011 | Zot:4    | Reached XP level 24. HP: 124/136 MP: 9/34
121740 | Zot:4    | Found a transporter.
122619 | Lair:6   | Killed Ulabb's ghost
123478 | Snake:2  | Killed Pilavamo's ghost
124245 | Zot:4    | Found a transporter.
125418 | Zot:5    | Entered Level 5 of the Realm of Zot
125478 | Zot:5    | Reached skill level 15 in Stealth
125478 | Zot:5    | Reached skill level 15 in Evocations
126905 | Zot:5    | Noticed an ancient lich
126924 | Zot:5    | Killed an ancient lich
127098 | Zot:5    | Noticed an orb of fire
127112 | Zot:5    | Killed an orb of fire
127297 | Zot:5    | Noticed a Killer Klown
127310 | Zot:5    | Noticed an orb of fire
127314 | Zot:5    | Gained mutation: You expend magic power (3 MP) to
                  | strengthen your wands. [an orb of fire]
127315 | Zot:5    | Noticed a Killer Klown
128129 | Zot:5    | Noticed a Killer Klown
128156 | Zot:5    | Gained mutation: You do not regenerate when monsters are
                  | visible. [an orb of fire]
128163 | Zot:5    | Killed a Killer Klown
128172 | Zot:5    | Gained mutation: You are dopey. (Int -2) [an orb of fire]
128174 | Zot:5    | Killed an orb of fire
128174 | Zot:5    | Reached XP level 25. HP: 86/140 MP: 36/36
128190 | Zot:5    | Killed a Killer Klown
128444 | Zot:5    | Lost mutation: You expend magic power (3 MP) to strengthen
                  | your wands. [potion of mutation]
128444 | Zot:5    | Lost mutation: You do not regenerate when monsters are
                  | visible. [potion of mutation]
128444 | Zot:5    | Lost mutation: You are dopey. (Int -2) [potion of mutation]
128444 | Zot:5    | Gained mutation: You expend magic power (3 MP) to
                  | strengthen your wands. [potion of mutation]
128444 | Zot:5    | Gained mutation: You have a pair of small horns on your
                  | head. [potion of mutation]
128487 | Zot:5    | Killed a Killer Klown
128844 | Zot:5    | Noticed an ancient lich
128850 | Zot:5    | Killed an ancient lich
128864 | Zot:5    | Noticed a Killer Klown
128876 | Zot:5    | Killed a Killer Klown
128949 | Zot:5    | Noticed an ancient lich
128964 | Zot:5    | Killed an ancient lich
129792 | Zot:5    | Noticed a Killer Klown
129813 | Zot:5    | Killed a Killer Klown
131085 | Zot:5    | Noticed an orb of fire
131268 | Zot:5    | Gained mutation: Your magical capacity is low. (-10% MP)
                  | [an orb of fire]
131273 | Zot:5    | Killed an orb of fire
131422 | Zot:5    | Noticed a Killer Klown
131451 | Zot:5    | Killed a Killer Klown
131463 | Zot:5    | Noticed an ancient lich
132098 | Zot:5    | Killed an ancient lich
132594 | Zot:5    | Got the Orb of Zot
132946 | D:13     | Noticed Sytid the pandemonium lord
132972 | D:12     | Noticed Yfiruy the pandemonium lord
133293 | D:$      | Escaped with the Orb!

Levels and vault maps discovered:
D:1:      lightli_arrival_farm, layout_basic
D:2:      minmay_alternating_diamond, layout_basic, dancing_weapons_uskayaw,
          grunt_ministairs_11, uniq_sigmund
D:3:      layout_loops_corners
D:4:      layout_gridville, first_ration, serial_bayou_lagoon_a, uniq_eustachio
D:5:      layout_basic, uniq_ijyb
D:6:      layout_layer_cave, minmay_temple_entry_ruins
D:7:      layout_gridville, gammafunk_temple_overflow_statue,
          fedhas_altar_decomposition
D:8:      layout_loops_ring, kennysheep_mini, basic_altar, enter_ossuary_1,
          blue_anna_alchemist [blue_anna_fruit_fields, blue_anna_fruit_fields],
          uniq_maurice
D:9:      layout_basic, nicolae_overflow_hidden_temple
D:10:     layout_stronghold, david_lair_generic, serial_ice, serial_ice_n,
          serial_ice_g, serial_ice_o, serial_ice_j,
          ebering_dispersal_statue_hall
D:11:     layout_loops_corners, minmay_fire_ice_demons
D:12:     gammafunk_beogh_shrine, layout_grid_maze, david_orc_3
D:13:     layout_basic, grunt_vaults_entry_tiered, basic_altar, uniq_nessos
D:14:     layout_loops_ring, portal_ice_cave_entry_ice_beasts, uniq_roxanne
D:15:     grunt_enter_depths_hoard, layout_irregular_city, moated_statue,
          drop_trap, minmay_hedge_maze
Lair:1:   layout_small_grid
Lair:2:   layout_gridlike, minmay_snake_entry_guardpost_medium,
          serial_bayou_pond_b, minivault_29
Lair:3:   beast_lair_carwin_large_2, layout_chaotic_city,
          elwin_shoals_entry_stream
Lair:4:   layout_gridlike, ldierk_geyser, kennysheep_basilisk_garden
Lair:5:   layout_cave_shapes, slime_altar_1, uniq_urug, uniq_snorg
Lair:6:   minmay_lair_end_enchanted_forest, layout_regular_city,
          gammafunk_ghost_hive, grunt_megastairs_5
Shoals:1: layout_shoals, uniq_josephine
Shoals:2: layout_shoals
Shoals:3: layout_shoals, lemuel_altar_in_water
Shoals:4: shoals_end_simple, layout_shoals,
          nicolae_shoals_stone_sculpture_thing, nicolae_shoals_this_corrosion,
          uniq_nikola
Snake:1:  hangedman_cross_stitches, layout_misc_corridors, serial_bayou_shore_b
Snake:2:  layout_rooms, special_room, ebering_ghost_rock_garden,
          grunt_ministairs_13
Snake:3:  layout_grid_maze, lemuel_oklob_altar, uniq_vashnia
Snake:4:  grunt_snake_rune_pools, layout_cave_town, uniq_aizul
Orc:1:    layout_caves, serial_shops, nicolae_shop_crystal, uniq_erolcha,
          uniq_fannar
Orc:2:    st_orc_elflike, layout_caves, basic_altar, uniq_saint_roka, uniq_sonja
Elf:1:    layout_loops_cross, serial_shops, shop, nicolae_shop_window_shopping,
          kennysheep_underground_church
Elf:2:    layout_gridlike, einodemon_crawler_minivault
Elf:3:    minmay_elf_hall_quartered_circle, layout_geoelf_grid, serial_shops,
          shop_fountains, hangedman_elf_simple_split
Vaults:1: vaults_mumra_hex, hangedman_vaults_variations, v_misc_28,
          nicolae_vaults_mini_display_case, v_misc_27, v_pattern_2,
          ontoclasm_vaults_decontamination, ontoclasm_vaults_gateway,
          st_smaller_cells, ontoclasm_vaults_shuriken,
          ontoclasm_vaults_ligature, nicolae_vaults_angled_halls,
          layout_vaults_omnibox, serial_shops, nicolae_shop_behind_doors
Vaults:2: hangedman_vaults_maws, vaults_dpeg_cross, ontoclasm_vaults_bender,
          hangedman_vaults_snaps, vaults_room_stairs_pillars, v_misc_17,
          nicolae_vaults_network_star, v_misc_3, vaults_room_hallway,
          nicolae_vaults_rhombus_7, layout_vaults_big_cross,
          lightli_enter_wizlab_magi_temple
Vaults:3: hangedman_vaults_capsules, v_misc_32,
          vaults_mumra_minichess_inversion, nicolae_vaults_what_the_h,
          vaults_room_large_hall, ontoclasm_vaults_loading_screen,
          layout_vaults_omnigrid, uniq_frederick, uniq_donald
Vaults:4: vaults_room_ringed_pool, v_alt_pattern_2,
          nicolae_vaults_network_square, v_misc_24, ontoclasm_vaults_eye,
          hangedman_vaults_maws, nicolae_vaults_little_squares_5,
          ontoclasm_vaults_idyll, layout_vaults_big_room
Vaults:5: serial_shops
Depths:1: layout_basic, minmay_misc_feat_plants, hangedman_tar_grid_catacomb,
          corexii_corridor_pit, minmay_gold_behind_fungi,
          grunt_guarded_unrand_obsidian_axe, grunt_megastairs_3,
          serial_bayou_shore_a, serial_bayou_shore_b
Depths:2: minmay_crescents, layout_basic, serial_rivers,
          chequers_serial_rivers_micro_c, chequers_serial_rivers_marsh,
          chequers_serial_rivers_large_a, chequers_serial_rivers_micro_b,
          rand_demon_pan_entry_8, hangedman_decor_riveting, hell_entry,
          xom_teletrap_fun
Depths:3: dpeg_oklob_gauntlet, layout_basic, pf_dread_powers_of_hell,
          kennysheep_decorative_pillar, rand_demon_pan_entry_5, minivault_14,
          uniq_margery
Depths:4: minmay_the_grid_3x3 [minmay_the_grid_gridbox,
          minmay_the_grid_outer_diamond, minmay_the_grid_tiny_cups,
          minmay_the_grid_empty, minmay_the_grid_spin_star,
          minmay_the_grid_paths, minmay_the_grid_artifice, minmay_the_grid_airy,
          minmay_the_grid_prize_four_corners], layout_cave_pools, abyss_entry,
          tso_metal_star, serial_shops, shop_fountains, hangedman_coc_ice_floe,
          infiniplex_staircase_zigzag_5, serial_bayou_shore_b
Depths:5: evilmike_zot_entry_diamond, layout_cave_pools, enter_ziggurat_c,
          serial_sigils_hangedman_shear, grunt_hell_entry_dis_grunt,
          rand_demon_pan_entry_3
Zot:1:    layout_concentric_octagons
Zot:2:    nicolae_moth_party, layout_twisted_circle, hangedman_zot_wheel_spokes
Zot:3:    cheibrodos_zot_enchanting_chambers, layout_cathedral_of_symmetry
Zot:4:    layout_cathedral_of_symmetry,
          chequers_guarded_unrand_mask_of_the_dragon, grunt_megastairs_2
Zot:5:    layout_twisted_circle

Skill      XL: |  1  2  3  4  5  6  7  8  9 10 11 12 13 14 15 16 17 18 19 20 21 22 23 24 25 |
---------------+----------------------------------------------------------------------------+-----
Fighting       | 4 5 6 7 8 9 10 11 12 14 16 17 19 20 21 24 26 27 | 27.0
Dodging        | 5 6 7 8 10 11 12 13 14 17 18 20 21 22 25 26 27 | 27.0
Unarmed Combat | 4 5 6 7 8 10 11 13 14 15 18 19 21 22 23 25 26 27 | 27.0
Evocations     | 2 5 7 9 10 13 16 19 | 19.0
Stealth        | 12 17 21 | 21.1

Action                   |  1- 3 |  4- 6 |  7- 9 | 10-12 | 13-15 | 16-18 | 19-21 | 22-24 | 25-27 || total
-------------------------+-------+-------+-------+-------+-------+-------+-------+-------+-------++-------
Melee: Unarmed           |    65 |   113 |   263 |   761 |  2005 |  2248 |  2577 |  1966 |   281 || 10279
       Bite              |     3 |    14 |    31 |    92 |   279 |   318 |   438 |   345 |    46 ||  1566
       Punch             |     1 |     3 |    10 |    51 |   207 |   309 |   378 |   264 |    44 ||  1267
       Headbutt          |       |       |       |       |       |       |       |       |    88 ||    88
Invok: Berserk           |     3 |    10 |    25 |    32 |    65 |    78 |    72 |    55 |     7 ||   347
       Trog's Hand       |       |       |     1 |     3 |     9 |    15 |    10 |     9 |     3 ||    50
       Brothers in Arms  |       |       |       |     6 |     6 |    13 |     9 |     8 |     2 ||    44
 Abil: Evoke Flight      |       |       |       |       |       |    27 |     1 |     3 |       ||    31
       Stop Flying       |       |       |       |       |       |     2 |       |       |       ||     2
Evoke: Phantom mirror    |       |       |       |       |     1 |       |       |       |       ||     1
       Wand              |       |       |       |       |     2 |     7 |     2 |       |       ||    11
       Fan of gales      |       |       |       |       |     1 |     1 |       |       |       ||     2
       Phial of floods   |       |       |       |       |     1 |       |     2 |     1 |       ||     4
       Sack of spiders   |       |       |       |       |     1 |       |     1 |       |     1 ||     3
       Lightning rod     |       |       |       |       |       |       |     1 |       |       ||     1
  Use: Scroll            |     1 |     2 |    10 |     5 |     8 |    14 |     8 |    11 |       ||    59
       Potion            |       |       |       |     4 |     1 |     3 |     2 |     6 |     5 ||    21
 Stab: Sleeping          |       |     6 |     9 |     4 |     6 |     3 |     7 |    10 |       ||    45
       Distracted        |       |       |       |     1 |     2 |     5 |     3 |    14 |     2 ||    27
       Confused          |       |       |       |       |       |       |     1 |       |       ||     1
  Eat: Chunk             |    10 |    14 |    29 |    57 |   114 |   109 |   145 |   107 |     7 ||   592
       Ration            |       |       |       |       |       |    20 |       |       |     5 ||    25
Armor: Skin              |     4 |       |     9 |    48 |    34 |    29 |    33 |    24 |     2 ||   183
Dodge: Dodged            |    35 |    53 |   278 |   515 |  1871 |  1786 |  2079 |  1414 |   173 ||  8204
       Deflected         |       |       |       |       |     3 |    57 |    27 |    15 |       ||   102
